 Dungeon Crawl Stone Soup version 0.18.1-50-g88ac8fd (webtiles) character file.

18 Drunkenshrew the Magician (level 2, -1/24 HPs)
             Began as a Draconian Wizard on Oct 6, 2016.
             Slain by a hobgoblin
             ... wielding a +0 club
              (3 damage)
             ... on level 1 of the Dungeon.
             The game lasted 00:02:51 (258 turns).

Drunkenshrew the Magician (Draconian Wizard)         Turns: 258, Time: 00:02:51

Health: -1/24      AC:  4    Str:  9    XL:     2   Next: 51%
Magic:  0/6        EV: 12    Int: 18    God:
Gold:   11         SH:  0    Dex:  9    Spells: 2 memorised, 4 levels left

rFire  . . .     SeeInvis .     d - +0 club
rCold  . . .     Gourm    .     (armour unavailable)
rNeg   . . .     Faith    .     (no shield)
rPois  .         Spirit   .     a - +0 hat
rElec  .         Dismiss  .     (no cloak)
rCorr  .         Reflect  .     (no gloves)
SustAt .         Harm     .     (no boots)
MR     .....                    (no amulet)
Stlth  ++........               (no ring)
                                (no ring)

@: very slightly contaminated, not resistant to hostile enchantments, unstealthy
A: unfitting armour, cold-blooded, AC +4
a: no special abilities


You were on level 1 of the Dungeon.
You were not hungry.

You visited 1 branch of the dungeon, and saw 1 of its levels.

You collected 11 gold pieces.

Inventory:

Hand Weapons
 d - a +0 club (weapon)
Armour
 a - a +0 hat (worn)
Scrolls
 e - a scroll of enchant weapon {unknown}
 g - 2 scrolls of blinking {unknown}
Books
 b - a book of Minor Magic

   Spells                             Type                      Level
   a - Magic Dart                     Conjuration                  1
   b - Blink                          Translocation                2
   c - Call Imp                       Summoning                    2
   d - Repel Missiles                 Charms/Air                   2
   e - Slow                           Hexes                        2
   f - Conjure Flame                  Conjuration/Fire             3
   g - Mephitic Cloud                 Conjuration/Poison/Air       3
Comestibles
 c - a bread ration
 f - a slice of pizza


   Skills:
 + Level 1.6 Fighting
 - Level 2.0 Dodging
 - Level 2.2 Stealth
 - Level 3.0 Spellcasting
 - Level 1.0 Conjurations
 - Level 1.0 Summonings
   Level 1.0 Translocations


You had 4 spell levels left.
You knew the following spells:

 Your Spells              Type           Power        Failure   Level  Hunger
a - Magic Dart            Conj           #...         12%         1    None
b - Call Imp              Summ           #.......     17%         2    ##.....


Dungeon Overview and Level Annotations

Branches:
Dungeon (1/15)

Altars:


Innate Abilities, Weirdness & Mutations

Your plain brown scales are hard (AC +4).
Your body does not fit into most forms of armour.
You are cold-blooded and may be slowed by cold attacks.


Message History

Your crimson imp hits the hobgoblin.
The hobgoblin hits your crimson imp but does no damage.
Your crimson imp barely misses the hobgoblin.
The hobgoblin hits your crimson imp with a club.
Your crimson imp blinks!
Casting: Call Imp
Confirm with . or Enter, or press ? or * to list all spells.
Aiming: Magic Dart
Press: ? - help, Shift-Dir - straight line, f - hobgoblin
Aim: a hobgoblin, wielding a club (heavily wounded)
The magic dart hits the hobgoblin.
The hobgoblin is almost dead.
Casting: Magic Dart
Confirm with . or Enter, or press ? or * to list all spells.
Aiming: Magic Dart
Press: ? - help, Shift-Dir - straight line, f/p - hobgoblin
Aim: a hobgoblin, wielding a club (almost dead)
You miscast Magic Dart.
You feel a strange surge of energy! The hobgoblin hits you with a club.
You die...

.......%'........#
........########.##
...................
...............#.#
...............#.# #
...........†...#.###.#
########.......#......
#............†.......
##@.!.........###.
#.g.$........#
#............#
#............#
#.....†......#
#............#####
.....5..............
..#..........).#####
..#######.....†.....


You could see a hobgoblin and a friendly crimson imp.

Vanquished Creatures
  A giant gecko (D:1)
  A bat (D:1)
  2 giant cockroaches (D:1)
  A goblin (D:1)
  A hobgoblin (D:1)
  A jackal (D:1)
  A kobold (D:1)
  4 rats (D:1)
12 creatures vanquished.

Vanquished Creatures (collateral kills)
  A dart slug (D:1)
  3 jackals (D:1)
  A kobold (D:1)
  A rat (D:1)
6 creatures vanquished.

Grand Total: 18 creatures vanquished

Notes
Turn   | Place    | Note
--------------------------------------------------------------
     0 | D:1      | Drunkenshrew the Draconian Wizard began the quest for the Orb.
     0 | D:1      | Reached XP level 1. HP: 14/14 MP: 4/4
   169 | D:1      | Reached XP level 2. HP: 18/22 MP: 6/6
   173 | D:1      | Learned a level 2 spell: Call Imp
   198 | D:1      | Reached skill level 1 in Fighting
   251 | D:1      | HP: 1/24 [hobgoblin/club (4)]
   258 | D:1      | Slain by a hobgoblin

Skill      XL: |  1  2 |
---------------+-------+-----
Dodging        | 2 |  2.0
Stealth        | 2 |  2.2
Fighting       | 1 |  1.6
Spellcasting   | |  3.0
Conjurations   | |  1.0
Summonings     | |  1.0
Translocations | |  1.0

Action                   || total
-------------------------++-------
Melee: Club              ||    44
       Unarmed           ||     1
       Tailslap          ||     3
 Cast: Magic Dart        ||     7
       Call Imp          ||     4
 Stab: Distracted        ||     1
Armor: Skin              ||    22
Dodge: Dodged            ||    51
